 Dungeon Crawl Stone Soup version 0.31-a0-982-g1816016f30 (webtiles) character file.

Game seed: 13506667667933770626

6 Perskeletor the Caller (level 1, 9/10 HPs)
             Began as a Deep Elf Summoner on Nov 2, 2023.
             Quit the game on level 1 of the Dungeon.
             The game lasted 00:03:10 (168 turns).

Perskeletor the Caller (Deep Elf Summoner)           Turns: 168, Time: 00:03:10

Health: 9/10       AC:  2    Str:  5    XL:     1   Next: 75%
Magic:  6/6        EV: 12    Int: 19    God:
Gold:   4          SH:  0    Dex: 15    Spells: 5/6 levels left

rFire   . . .        (no weapon)
rCold   . . .        (no shield)
rNeg    . . .        a - +0 robe
rPois   .            (no helmet)
rElec   .            (no cloak)
rCorr   .            (no gloves)
SInv    .            (no boots)
Will    .....        (no amulet)
Stlth   ++           (no ring)
HPRegen 0.21/turn    (no ring)
MPRegen 0.10/turn

%: no passive effects
@: no status effects
A: no striking features
a: no special abilities


You were on level 1 of the Dungeon.
You visited 1 branch of the dungeon, and saw 1 of its levels.

You collected 4 gold pieces.

Inventory:

Hand Weapons
 e - a +0 dagger of draining
Armour
 a - a +0 robe (worn)
 c - a +0 scale mail
 d - a +0 leather armour


   Skills:
 + Level 2.5 Dodging
 + Level 2.4 Stealth
 + Level 3.2 Spellcasting
 + Level 4.6 Summonings


You had 5 spell levels left.
You knew the following spells:

 Your Spells              Type           Power      Damage    Failure   Level
a - Summon Small Mammal   Summ           80%        N/A       2%          1

Your spell library contained the following spells:

 Spells                   Type           Power      Damage    Failure   Level
 Call Imp                 Summ           40%        N/A       3%          2
 Call Canine Familiar     Summ           20%        N/A       7%          3
 Summon Guardian Golem    Hex/Summ       11%        N/A       17%         3
 Summon Lightning Spire   Summ/Air       11%        N/A       50%         4


Dungeon Overview and Level Annotations

Branches:
Dungeon (1/15)

Altars:


Message History

Your bat barely misses the hobgoblin.
Your bat barely misses the hobgoblin.
The hobgoblin barely misses your quokka.
Your quokka bites the hobgoblin.
The hobgoblin misses your quokka.
Your quokka closely misses the hobgoblin.
Things that are here:
a +0 dagger of draining; a goblin corpse
e - a +0 dagger of draining Your bat hits the hobgoblin but does no damage.
The hobgoblin hits your quokka.
Your quokka barely misses the hobgoblin.
Your bat hits the hobgoblin but does no damage.
The hobgoblin barely misses your quokka.
Your quokka bites the hobgoblin.
Your bat closely misses the hobgoblin.
The hobgoblin closely misses your bat.
Your quokka barely misses the hobgoblin.
Your quokka barely misses the hobgoblin.
Your bat barely misses the hobgoblin.
Your bat barely misses the hobgoblin.
You closely miss the hobgoblin.
The hobgoblin is severely wounded.
Your bat hits the hobgoblin but does no damage.
The hobgoblin closely misses you.
Your quokka bites the hobgoblin.
The hobgoblin dies!
You see here a hobgoblin corpse.
Okay, then.
Unknown command.
Okay, then.
Unknown command.
Unknown command.
Unknown command.
Unknown command.
Saving game... please wait.
Welcome back, Perskeletor the Deep Elf Summoner.
Press ? for a list of commands and other information.
Unknown command.
Unknown command.
Magic courses through your body.
Are you sure you want to abandon this character and quit the game? (Confirm with "yes".)

#.....'.......
#.....##†#....
####'###.###.# ##+##
#....#......
.....########....#####..
............#....#######
.......b....+......... .
............##'####### #
#..@r.......# #
#......†....# #
##+#####....# . #....#
###..... #####.# .. .


You could see a friendly quokka (summoned) and a friendly bat (summoned).

Vanquished Creatures
  2 rats (D:1)
2 creatures vanquished.

Vanquished Creatures (collateral kills)
  An endoplasm (D:1)
  A goblin (D:1)
  A hobgoblin (D:1)
  A rat (D:1)
4 creatures vanquished.

Grand Total: 6 creatures vanquished

Notes
Turn   | Place    | Note
-------+----------+-------------------------------------------
     0 | D:1      | Perskeletor the Deep Elf Summoner began the quest for the
                  | Orb.
     0 | D:1      | Reached XP level 1. HP: 10/10 MP: 6/6
   168 | D:1      | Quit the game

Illustrated notes

Levels and vault maps discovered:
D:1:      dreamdust_arrival_beginning_and_end, layout_basic, minmay_circled_x

Action                     || total
---------------------------++-------
  Melee: Unarmed           ||     7
   Cast: Summon Small Mamm ||     9
    Use: Potion            ||     1
 Armour: Robe              ||     3
  Dodge: Dodged            ||     5

Table legend: (Time is in decaauts)
 A = Elapsed time spent in this place.
 B = Non-inter-level travel time spent in this place.
 C = Inter-level travel time spent in this place.
 D = Time resting spent in this place.
 E = Time spent auto-exploring this place.
 F = Levels seen in this place.
 G = Mean time per level.
                   A        B        C        D        E       F      G
               +--------+--------+--------+--------+--------+-----+--------+
         Total |    168 |    168 |      0 |     13 |      2 |   1 |  168.0 |
       Dungeon |    168 |    168 |      0 |     13 |      2 |   1 |  168.0 |
               +--------+--------+--------+--------+--------+-----+--------+

Top non-repeatable levels by time:
     D:1: 168 daAuts
